 Dungeon Crawl Stone Soup version 0.30-a0-913-g9934a0ce24 (webtiles) character file.

Game seed: 7174730694683157276

777 Iniera the Destroyer (level 7, -1/55 HPs)
             Began as a Deep Elf Conjurer on Mar 20, 2023.
             Slain by Duvessa
             ... wielding a +0 short sword
              (4 damage)
             ... on level 4 of the Dungeon.
             The game lasted 00:08:41 (4594 turns).

Iniera the Destroyer (Deep Elf Conjurer)            Turns: 4594, Time: 00:08:42

Health: -1/55      AC: 23    Str:  4    XL:     7   Next: 54%
Magic:  0/18       EV:  2    Int: 25    God:
Gold:   129        SH:  0    Dex: 13    Spells: 7/18 levels left

rFire   . . .      SeeInvis .    f - staff of cold
rCold   + . .      Faith    .    (no shield)
rNeg    . . .      Spirit   .    a - melded +0 robe
rPois   +          Reflect  .    (helmet currently unavailable)
rElec   .          Rampage  .    c - melded scarf {+Inv}
rCorr   .          NoTele   +    (gloves currently unavailable)
Will    .....                    (boots currently unavailable)
Stlth   ++                       (no amulet)
HPRegen 0.29/turn                (no ring)
MPRegen 0.16/turn                (no ring)

@: mighty, tree-form, very slightly contaminated
A: stationary, stasis, torment immunity, boosted hp
a: no special abilities


You were on level 4 of the Dungeon.
You were a tree.
You visited 1 branch of the dungeon, and saw 4 of its levels.

You collected 129 gold pieces.

Inventory:

Armour
 a - a +0 robe (melded)
 c - a scarf of invisibility (melded)
Magical Staves
 f - a staff of cold (weapon)
Jewellery
 g - a +4 ring of protection
Wands
 k - a wand of flame (9)
Scrolls
 i - 2 scrolls of teleportation
 l - a scroll of torment {unknown}
 m - a scroll of noise {unknown}
Potions
 d - 3 potions of attraction
 e - 2 potions of curing
 h - a potion of lignification
 j - a potion of might


   Skills:
 + Level 0.9 Fighting
 - Level 2.4 Dodging
 - Level 2.4 Stealth
 + Level 6.4 Spellcasting
 * Level 8.1 Conjurations
 - Level 2.8 Hexes
 - Level 2.2 Translocations


You had 7 spell levels left.
You knew the following spells:

 Your Spells              Type           Power      Damage    Failure   Level
a - Magic Dart            Conj           100%       1d8       1%          1
b - Searing Ray           Conj           96%        2d7       1%          2
c - Fulminant Prism       Conj/Hex       17%        3d10      8%          4
d - Iskenderun's Mystic   Conj/Tloc      33%        2d8       9%          4

Your spell library contained the following spells:

 Spells                   Type           Power      Damage    Failure   Level
 Static Discharge         Conj/Air       56%        2-5/arc   1%          2
 Dazzling Flash           Conj/Hex       70%        N/A       2%          3
 Hailstorm                Conj/Ice       42%        3d10      4%          3
 Freeze                   Ice            48%        1d6       7%          1
 Mephitic Cloud           Conj/Pois/Air  21%        N/A       7%          3
 Call Imp                 Summ           8%         N/A       11%         2
 Summon Guardian Golem    Hex/Summ       15%        N/A       12%         3
 Vhi's Electric Charge    Tloc/Air       26%        N/A       14%         3
 Frozen Ramparts          Ice            24%        1d4       22%         3
 Arcjolt                  Conj/Air       14%        1d24      36%         5
 Plasma Beam              Fire/Air       4%         2x1d15    89%         5
 Orb of Destruction       Conj           24%        9d9       91%         7
 Spellforged Servitor     Conj/Summ      14%        N/A       100%        7


Dungeon Overview and Level Annotations

Branches:
Dungeon (4/15)
 Temple: D:4-7

Altars:
Vehumet

Annotations:
D:4 Duvessa


Message History

Duvessa is moderately wounded. (Press . to maintain the ray.)
The searing ray hits Duvessa!
Duvessa is moderately wounded.
Duvessa hits you with a +0 short sword!
Unknown command.
Casting: Searing Ray (safe; 1% risk of failure)
Confirm with . or Enter, or press ? or * to list all spells.
The spell is quite dangerous to miscast (9% risk of failure)!
Continue anyway?
Uppercase [Y]es or [N]o only, please.
The spell is quite dangerous to miscast (9% risk of failure)!
Continue anyway?
You erupt in a blast of force!
The mystic blast hits Duvessa but does no damage.
Duvessa is moderately wounded.
Duvessa hits you with a +0 short sword.
Unknown command.
Casting: Iskenderun's Mystic Blast (quite dangerous; 9% risk of failure)
Confirm with . or Enter, or press ? or * to list all spells.
The spell is quite dangerous to miscast (9% risk of failure)!
Continue anyway?
You miscast Iskenderun's Mystic Blast.
You are very lightly contaminated with residual magic.
Nothing appears to happen.
Duvessa hits you with a +0 short sword!
* * * LOW HITPOINT WARNING * * *
Duvessa hits you with a +0 short sword.
* * * LOW HITPOINT WARNING * * *
Unknown command.
It was a potion of lignification.
You turn into a tree.
Your scarf of invisibility melds into your body.
Your +0 robe melds into your body.
Your roots penetrate the ground.
Duvessa completely misses you.
It was a potion of might.
You feel very mighty all of a sudden. Duvessa hits you but does no damage.
Duvessa hits you with a +0 short sword.
* * * LOW HITPOINT WARNING * * *
It was a potion of flight.
Your roots keep you in place.
Duvessa hits you but does no damage.
You hit Duvessa!
Duvessa is heavily wounded.
Duvessa hits you with a +0 short sword.
You die...

.. ..............# ..
.......####.....># g
#...##...........###
#'#####...####............
#.#.......# #....#####.##
#...).....# ###.## #.#
#####)#.....######..#####.##
#.....###...................
#.........e♣.....##########.
#....##..........'...# #.
#....##.##.##....###.######.
#....##.#........###........
#.......#...................
###.#####..####.############
#.# #..# #...'..#..#..#† #.#
#..# #...##.##.##... #.#
#..####...#..#..#..#


You could see Duvessa (berserk).

Vanquished Creatures
  Eustachio (D:4)
  A sky beast (D:4)
  Blork the orc (D:4)
  A scorpion (D:4)
  Dowan (D:4)
  An orc priest (D:4)
  A gnoll bouda (D:4)
  A hound (D:4)
  An iguana (D:4)
  An orc wizard (D:4)
  2 sleepcaps (D:4)
  10 adders
  A worm (D:3)
  5 dart slugs
  9 orcs
  5 ball pythons
  4 bats
  8 endoplasms
  2 giant cockroaches
  7 goblins
  8 hobgoblins
  7 kobolds
  A quokka (D:3)
  3 frilled lizards
  4 rats
86 creatures vanquished.

Vanquished Creatures (others)
  3 fulminant prisms (D:4)
3 creatures vanquished.

Grand Total: 89 creatures vanquished

Notes
Turn   | Place    | Note
-------+----------+-------------------------------------------
     0 | D:1      | Iniera the Deep Elf Conjurer began the quest for the Orb.
     0 | D:1      | Reached XP level 1. HP: 10/10 MP: 6/6
   120 | D:1      | Reached XP level 2. HP: 15/15 MP: 5/8
   302 | D:1      | Learned a level 2 spell: Searing Ray
   511 | D:1      | Reached skill level 5 in Conjurations
   792 | D:2      | Reached XP level 3. HP: 19/19 MP: 5/10
  1506 | D:2      | Reached XP level 4. HP: 24/24 MP: 7/12
  2181 | D:3      | Reached skill level 6 in Conjurations
  2987 | D:4      | Reached XP level 5. HP: 28/28 MP: 7/14
  3121 | D:4      | Reached skill level 5 in Spellcasting
  3287 | D:4      | Noticed Eustachio
  3297 | D:4      | Learned a level 4 spell: Fulminant Prism
  3302 | D:4      | Learned a level 4 spell: Iskenderun's Mystic Blast
  3342 | D:4      | Killed Eustachio
  3343 | D:4      | Reached skill level 7 in Conjurations
  3343 | D:4      | Reached skill level 1 in Hexes
  3343 | D:4      | Reached skill level 1 in Translocations
  3343 | D:4      | Reached XP level 6. HP: 5/32 MP: 12/16
  3468 | D:4      | Found a radiant altar of Vehumet.
  3492 | D:4      | Noticed a sky beast
  3503 | D:4      | Killed a sky beast
  3610 | D:4      | Noticed Blork the orc
  3614 | D:4      | Killed Blork the orc
  3615 | D:4      | Reached XP level 7. HP: 36/36 MP: 11/17
  4090 | D:4      | Noticed Dowan
  4096 | D:4      | Killed Dowan
  4106 | D:4      | Noticed Duvessa
  4309 | D:4      | Reached skill level 8 in Conjurations
  4592 | D:4      | HP: 2/55 [Duvessa/+0 short sword (4)]
  4594 | D:4      | Slain by Duvessa

Illustrated notes

Levels and vault maps discovered:
D:1:      mrwooster_arrival_arrow, layout_loops_ring
D:2:      layout_loops_corners
D:3:      layout_basic
D:4:      minmay_razor_zed, layout_basic, lemuel_crystal_altar, serial_glass,
          glass_columns_a, glass_columns_a, uniq_duvessa, uniq_eustachio,
          uniq_blork_the_orc

Skill      XL: |  1  2  3  4  5  6  7 |
---------------+----------------------+-----
Conjurations   | 5 6 7 8 |  8.1
Spellcasting   | 4 5 6 |  6.4
Hexes          | 1 2 |  2.8
Translocations | 1 2 |  2.2
Fighting       | |  0.9
Dodging        | |  2.4
Stealth        | |  2.4

Action                     |  1- 3 |  4- 6 |  7- 9 || total
---------------------------+-------+-------+-------++-------
  Melee: Staff             |       |     8 |     3 ||    11
   Cast: Magic Dart        |    45 |    53 |    24 ||   122
         Searing Ray       |     5 |    11 |    14 ||    30
         Fulminant Prism   |       |     1 |     2 ||     3
         Iskenderun's Myst |       |       |     3 ||     3
    Use: Scroll            |     3 |     3 |       ||     6
         Potion            |       |     1 |     3 ||     4
 Armour: Robe              |     1 |     3 |     1 ||     5
         Skin              |       |       |     2 ||     2
  Dodge: Dodged            |     8 |    16 |     8 ||    32

Table legend: (Time is in decaauts)
 A = Elapsed time spent in this place.
 B = Non-inter-level travel time spent in this place.
 C = Inter-level travel time spent in this place.
 D = Time resting spent in this place.
 E = Time spent auto-exploring this place.
 F = Levels seen in this place.
 G = Mean time per level.
                   A        B        C        D        E       F      G
               +--------+--------+--------+--------+--------+-----+--------+
         Total |   4594 |   4447 |    147 |    604 |   3364 |   4 | 1148.5 |
       Dungeon |   4594 |   4447 |    147 |    604 |   3364 |   4 | 1148.5 |
               +--------+--------+--------+--------+--------+-----+--------+

Top non-repeatable levels by time:
     D:4: 1539 daAuts
     D:2: 1185 daAuts
     D:3: 1083 daAuts
     D:1: 787 daAuts
